[Event "1000 GM Labor Day Super Swiss 2024"]
[Site "San Jose"]
[Date "2024.09.01"]
[Round "3.1"]
[White "Sheng, Joshua"]
[Black "Yoo, Christopher Woojin"]
[Result "1/2-1/2"]
[Annotator "TA"]
[ECO "B22"]
[WhiteElo "2474"]
[BlackElo "2616"]
[PlyCount "23"]
[EventDate "2024.08.30"]
[EventType "swiss"]
[EventCountry "USA"]
[SourceTitle "playchess.com"]
[Source "ChessBase"]
[SourceQuality "1"]
[TimeControl "5400+30"]

1. e4 c6 2. Nf3 d5 3. d3 g6 4. e5 c5 5. c3 Nc6 6. d4 cxd4 7. cxd4 Bg4 8. Nbd2 e6 9. h3 Bxf3 10. Nxf3 Bb4+ 11. Bd2 Qa5 12. a3 {[%emt 0:01:26] An uneventful encounter.   Weighted Error Value: White=0.04 (flawless) /Black=0.04 (flawless) .  OK:         	White=2     	Black=2      Best:        	White=1     	---} 1/2-1/2

[Event "1000 GM Labor Day Super Swiss 2024"]
[Site "San Jose"]
[Date "2024.09.01"]
[Round "3.2"]
[White "Quesada Perez, Yasser"]
[Black "Cordova, Emilio"]
[Result "1/2-1/2"]
[Annotator "TA"]
[ECO "B90"]
[WhiteElo "2581"]
[BlackElo "2519"]
[PlyCount "20"]
[EventDate "2024.08.30"]
[EventType "swiss"]
[EventCountry "USA"]
[SourceTitle "playchess.com"]
[Source "ChessBase"]
[SourceQuality "1"]
[TimeControl "5400+30"]

1. e4 c5 2. Nf3 d6 3. d4 cxd4 4. Nxd4 Nf6 5. Nc3 a6 6. Be3 Ng4 7. Bc1 Nf6 8. Be3 Ng4 9. Bc1 Nf6 10. Be3 (10. Be2 $11) 10... Ng4 {[%emt 0:00:04] Weighted Error Value: White=0.34/Black=0.00 (flawless) .  Mistake:       	White=1     	---        OK:         	---       	Black=2} 1/2-1/2

[Event "1000 GM Labor Day Super Swiss 2024"]
[Site "San Jose"]
[Date "2024.09.01"]
[Round "3.3"]
[White "Corrales Jimenez, Fidel"]
[Black "Delgado Ramirez, Neuris"]
[Result "1/2-1/2"]
[Annotator "TA"]
[ECO "B52"]
[WhiteElo "2564"]
[BlackElo "2485"]
[PlyCount "21"]
[EventDate "2024.08.30"]
[EventType "swiss"]
[EventCountry "USA"]
[SourceTitle "playchess.com"]
[Source "ChessBase"]
[SourceQuality "1"]
[TimeControl "5400+30"]

1. e4 c5 2. Nf3 d6 3. Bb5+ Bd7 4. Bxd7+ Qxd7 5. O-O Nf6 6. Re1 Nc6 7. c3 e6 8. d4 cxd4 9. cxd4 {[%emt 0:00:03] The position is equal.} d5 10. e5 Ne4 11. a3 {[%emt 0:00:03] Not much happened in this game.   OK:         	White=1     	Black=1} 1/2-1/2

[Event "1000 GM Labor Day Super Swiss 2024"]
[Site "San Jose"]
[Date "2024.09.01"]
[Round "3.4"]
[White "Harsha Bharathakoti"]
[Black "Sivakumar, Shaaketh"]
[Result "1/2-1/2"]
[Annotator "TA"]
[ECO "C02"]
[WhiteElo "2550"]
[BlackElo "2307"]
[PlyCount "34"]
[EventDate "2024.08.30"]
[EventType "swiss"]
[EventCountry "USA"]
[SourceTitle "playchess.com"]
[Source "ChessBase"]
[SourceQuality "1"]
[TimeControl "5400+30"]

1. d4 e6 2. e4 d5 3. e5 c5 4. c3 Nc6 5. Nf3 Qb6 6. Be2 cxd4 7. cxd4 Nh6 8. Bxh6 {[%emt 0:00:59] [#] Threatens to win with Bc1.} Qxb2 9. Nc3 Qxc3+ 10. Bd2 Qa3 {[%emt 0:00:14] Black is slightly better.} 11. h4 Bb4 12. O-O Bxd2 13. Qxd2 Qe7 14. Rfc1 Bd7 15. Rab1 Rb8 16. Bd3 O-O 17. Rb3 f5 {[%emt 0:03:52] Weighted Error Value: White=0.11 (very precise) /Black=0.07 (flawless) .  Inaccurate:     	White=1     	Black=1      OK:         	White=1     	Black=4      Best:        	White=1     	---} 1/2-1/2

[Event "1000 GM Labor Day Super Swiss 2024"]
[Site "San Jose"]
[Date "2024.09.01"]
[Round "3.5"]
[White "Chen, Ryo"]
[Black "Mikaelyan, Arman"]
[Result "1/2-1/2"]
[Annotator "TA"]
[ECO "B89"]
[WhiteElo "2408"]
[BlackElo "2529"]
[PlyCount "146"]
[EventDate "2024.08.30"]
[EventType "swiss"]
[EventCountry "USA"]
[SourceTitle "playchess.com"]
[Source "ChessBase"]
[SourceQuality "1"]
[TimeControl "5400+30"]

1. e4 c5 2. Nf3 d6 3. d4 cxd4 4. Nxd4 Nf6 5. Nc3 Nc6 6. Bc4 e6 7. Be3 a6 8. Qe2 Ne5 9. Bb3 Nfg4 10. Bd2 Qb6 11. Ba4+ Bd7 12. Bxd7+ Kxd7 13. Nb3 Nf6 14. f4 Nc6 15. e5 Nd5 16. Nxd5 exd5 17. O-O-O Re8 18. Be3 Qb5 19. Qxb5 axb5 20. Rxd5 Kc8 21. Rxb5 dxe5 22. fxe5 Rxe5 23. Rxe5 Nxe5 24. Bf4 Ng6 25. Rf1 h5 26. Be3 f6 27. Bc5 Bxc5 28. Nxc5 Re8 29. Nd3 Kd7 30. Kd2 h4 31. Re1 Ra8 32. Re4 Nf8 33. a4 g5 34. b4 b6 35. Nb2 Kc6 (35... Ng6 $16 36. Kc3 Ne5) 36. c4 Kd6 37. Rd4+ Ke7 38. Rd5 Ne6 39. Rb5 h3 40. gxh3 (40. Rxb6 $2 hxg2 41. Rb7+ Kf8 $19) 40... Rh8 $2 (40... Rd8+ {was worth a try.} 41. Kc1 Rd6) 41. Rxb6 $18 Rxh3 {[%emt 0:00:00] [#]} 42. Rb7+ $1 Kd8 43. Nd3 $2 (43. a5 $18 {Hoping for a6.} Rxh2+ 44. Kc1 (44. Kc3 Rh3+ 45. Kd2 Ra3 $16)) 43... g4 $1 $14 44. Rb6 (44. b5 $16 {Threatens to win with Rb8+.} Rxh2+ (44... Rxd3+ $2 45. Kxd3 Nc5+ 46. Ke3 $18) 45. Kc3) 44... Rxh2+ $11 45. Ke3 Rh3+ 46. Ke4 Ng5+ 47. Kd4 Rf3 48. Rb8+ Ke7 49. Rb7+ Ke6 50. Ne1 (50. c5 $5 g3 $8 51. Ne1 Rf4+ 52. Ke3 $11) 50... Rf1 51. Ng2 Rf2 52. Rb6+ Kd7 53. Nh4 g3 54. Ke3 $1 f5 55. Rf6 Nh3 56. a5 (56. Nxf5 g2 57. Rg6 Ra2 58. Rg7+ Ke6 $19) (56. Rxf5 $2 Rxf5 57. Kd3 (57. Nxf5 $2 g2 $19) 57... Rf4 $19) (56. Rg6 $14) 56... f4+ $11 57. Kd3 g2 58. Nxg2 $1 Rxg2 59. a6 Ra2 60. Rh6 Ng5 61. b5 f3 62. Rf6 (62. Kd4 $11) 62... Ne6 ({Black should play} 62... Ke7 $15 63. Rf4 f2) 63. Kc3 (63. Rxf3 $2 {too greedy.} Ra3+ 64. Ke4 Ng5+ 65. Kd5 Nxf3 $19) 63... Nc5 64. Kb4 Nd3+ 65. Kb3 Nc1+ 66. Kc3 f2 67. a7 Rxa7 68. Rxf2 Ra3+ 69. Kd4 Rd3+ 70. Kc5 Nb3+ 71. Kb4 Nd4 72. Rh2 Rd1 73. Rh7+ Kc8 1/2-1/2

[Event "1000 GM Labor Day Super Swiss 2024"]
[Site "San Jose"]
[Date "2024.09.01"]
[Round "3.6"]
[White "Koustav Chatterjee"]
[Black "Garcia Guerrero, Isaac Antonio"]
[Result "1/2-1/2"]
[Annotator "TA"]
[ECO "D32"]
[WhiteElo "2524"]
[BlackElo "2291"]
[PlyCount "56"]
[EventDate "2024.08.30"]
[EventType "swiss"]
[EventCountry "USA"]
[SourceTitle "playchess.com"]
[Source "ChessBase"]
[SourceQuality "1"]
[TimeControl "5400+30"]

1. Nf3 d5 2. e3 Nf6 3. c4 e6 4. Nc3 c5 5. cxd5 exd5 6. d4 Nc6 7. Bb5 cxd4 8. Nxd4 Bd7 9. O-O Bd6 10. Nf3 a6 11. Bxc6 Bxc6 {[%emt 0:00:56] White has an edge.} 12. b3 O-O 13. Bb2 Qe7 14. Ne2 Ne4 15. Ng3 Nxg3 16. hxg3 Rad8 17. Rc1 Rfe8 18. Qd4 {[%emt 0:06:17][%csl Gb2][%cal Rd4g7] [#]} f6 19. Rfd1 Qe4 20. Qb6 Be5 21. Nd4 Bxd4 22. Bxd4 Rc8 23. Rc5 h5 24. a4 h4 25. gxh4 Qxh4 26. Rdc1 Re4 27. R5c2 (27. Rxc6 $11 Rxc6 (27... bxc6 28. Qxa6 Rce8 29. Qxc6 $16) 28. Rxc6 bxc6 29. Qxa6) 27... Qh5 (27... Rg4 $17) 28. f4 $1 $11 Rce8 {[%emt 0:28:49] Weighted Error Value: White=0.13 (very precise) /Black=0.13 (very precise) .  Mistake:       	White=1     	Black=1      Inaccurate:     	White=2     	Black=2      OK:         	White=7     	Black=7      Strong:       	White=1     	---} 1/2-1/2

[Event "1000 GM Labor Day Super Swiss 2024"]
[Site "San Jose"]
[Date "2024.09.01"]
[Round "3.7"]
[White "Schitco, Ivan"]
[Black "Kiewra, Keaton"]
[Result "1-0"]
[Annotator "TA"]
[ECO "A30"]
[WhiteElo "2518"]
[BlackElo "2287"]
[PlyCount "113"]
[EventDate "2024.08.30"]
[EventType "swiss"]
[EventCountry "USA"]
[SourceTitle "playchess.com"]
[Source "ChessBase"]
[SourceQuality "1"]
[TimeControl "5400+30"]

1. c4 c5 2. Nf3 Nf6 3. g3 d5 4. cxd5 Nxd5 5. Bg2 Nc6 6. d4 cxd4 7. Nxd4 Ndb4 8. Nxc6 Qxd1+ 9. Kxd1 Nxc6 10. Bxc6+ bxc6 11. Be3 e5 12. Kd2 Bb4+ 13. Nc3 Be6 {[%emt 0:00:14] The position is equal.} 14. Rhc1 {[%emt 0:00:31] White is weak on the light squares} O-O-O+ (14... O-O $11) 15. Ke1 $14 Kb7 16. f3 Rd5 17. Kf2 Bxc3 18. Rxc3 Rhd8 19. Rac1 Rd1 20. Rxc6 Rxc1 21. Rxc1 Rc8 22. Rxc8 Kxc8 {[%emt 0:04:17][%mdl 4096] Endgame. KB-KB} 23. b3 a6 24. Bc5 Kc7 25. Bf8 g6 26. Ke3 Bf5 27. g4 Bb1 28. Kd2 {[%emt 0:03:41] Kc1 would now be deadly.} e4 29. f4 {[%emt 0:02:15][%cal Bf3f4,Bf4f5][%mdl 32] aiming for Kc1.} e3+ 30. Kc1 Be4 31. Bc5 h6 32. Bxe3 Bg2 33. f5 g5 34. Bd4 Bh3 35. Bg7 Bxg4 36. Bxh6 f6 37. Bg7 Bxf5 38. Bxf6 g4 39. Kd2 Kd6 40. a3 Kd5 (40... Ke6 $16 {was necessary.} 41. Bc3 Be4) 41. Ke3 $18 Bc2 42. b4 Bd1 43. Kd3 Bb3 $2 {[%emt 0:03:15] [#]} (43... g3 44. hxg3 Ba4 45. e4+ Kd6) 44. e4+ $1 Kc6 45. Ke3 (45. Bh4 $142 Kd6 46. Ke3) 45... Kd6 $2 (45... g3 46. hxg3 Bf7) 46. Bh4 Kc6 47. Kf4 Be6 (47... Kd6 $142 48. Kxg4 Ke5) 48. Ke5 Kd7 49. Kf6 (49. Kf4 Kd6 50. e5+ Kd5 $18) 49... Bb3 50. Bf2 Kd6 51. e5+ Kd7 52. Bc5 Bc4 $2 {[%emt 0:00:19] [#]} (52... Bc2 $18 53. e6+ Ke8) 53. a4 $1 {[%emt 0:01:12] White mates.} Bb3 54. b5 a5 55. b6 Bxa4 56. e6+ Kc6 57. e7 {[%emt 0:00:22] Weighted Error Value: White=0.13 (very precise) /Black=0.16 (very precise) .  Mistake:       	---       	Black=4      Inaccurate:     	White=1     	Black=2      OK:         	White=20    	Black=12     Best:        	White=3     	Black=4      Strong:       	White=2     	---} 1-0

[Event "1000 GM Labor Day Super Swiss 2024"]
[Site "San Jose"]
[Date "2024.09.01"]
[Round "3.8"]
[White "Sathish, Pranav"]
[Black "Hevia Alejano, Carlos Antonio"]
[Result "1/2-1/2"]
[Annotator "TA"]
[ECO "D32"]
[WhiteElo "2337"]
[BlackElo "2414"]
[PlyCount "43"]
[EventDate "2024.08.30"]
[EventType "swiss"]
[EventCountry "USA"]
[SourceTitle "playchess.com"]
[Source "ChessBase"]
[SourceQuality "1"]
[TimeControl "5400+30"]

1. Nf3 e6 2. b3 Nf6 3. Bb2 d5 4. c4 Be7 5. e3 O-O 6. Nc3 c5 7. cxd5 exd5 8. d4 Nc6 9. Be2 Be6 10. dxc5 Bxc5 11. O-O a6 12. Rc1 Qe7 13. Bd3 Rad8 14. Ne2 {[%emt 0:00:47] White has an edge.} Ba3 15. Qc2 Bg4 {[%emt 0:00:00] [#] Hoping for ...Bxb2.} 16. Ned4 Bxb2 17. Qxb2 Bxf3 18. Nxf3 Rd6 19. Rfd1 Rfd8 20. Nd4 Nxd4 21. Qxd4 Ne8 22. Qc5 {[%emt 0:01:00] Weighted Error Value: White=0.05 (flawless) /Black=0.06 (flawless) .  Inaccurate:     	White=1     	---        OK:         	White=3     	Black=4} 1/2-1/2

[Event "1000 GM Labor Day Super Swiss 2024"]
[Site "San Jose"]
[Date "2024.09.01"]
[Round "3.9"]
[White "Angeles Mercado, Anthony R"]
[Black "Macovei, Andrei"]
[Result "0-1"]
[Annotator "TA"]
[ECO "B30"]
[WhiteElo "2083"]
[BlackElo "2466"]
[PlyCount "86"]
[EventDate "2024.08.30"]
[EventType "swiss"]
[EventCountry "USA"]
[SourceTitle "playchess.com"]
[Source "ChessBase"]
[SourceQuality "1"]
[TimeControl "5400+30"]

1. e4 c5 2. Nf3 Nc6 3. Bb5 e5 4. O-O Bd6 5. c3 a6 6. Ba4 b5 7. Bc2 Nge7 8. a4 {[%emt 0:02:58] White has an edge.} Rb8 9. axb5 axb5 10. d4 cxd4 11. cxd4 exd4 12. Nxd4 Qc7 13. h3 O-O 14. Be3 Bh2+ 15. Kh1 {[%emt 0:00:16] [#] Black must now prevent Nxc6.} Bf4 16. Nxc6 Nxc6 17. Bxf4 Qxf4 18. Qd2 Qe5 (18... Qxd2 {simplifies} 19. Nxd2 Nd4 20. Rfc1 Bb7) 19. Nc3 b4 20. Nd5 Qxb2 {[%emt 0:12:02] ...b3 would now be deadly.} 21. Rfb1 Qe5 22. f4 (22. Nxb4 $2 Rxb4 23. f4 Qd4 $19) 22... Qd6 23. e5 Qh6 24. Nxb4 Nxe5 25. Nd5 $1 Bb7 26. Rxb7 Rxb7 27. Ne7+ Kh8 {[%emt 0:00:01] aiming for ...Nc6.} 28. Nf5 $1 Nc4 29. Qd5 {[%emt 0:12:55] White is on the road to losing.} (29. Qd3 $1 $11 Qf6 (29... Qxf4 $2 30. Nd6 $18) 30. Nd4) 29... Qf6 $19 (29... Qxf4 $2 30. Qxb7 g6 31. Qb4 $18) 30. Ra4 Nb6 31. Qxb7 Nxa4 32. Qb4 {[%emt 0:00:51] Dodges Nc5} Ra8 {[%emt 0:01:03] Strongly threatening ...Nc3.} 33. Nd6 $2 (33. Be4 {is the only way for White.} d5 34. Bxd5) 33... Nc3 34. Bb3 g6 35. Nxf7+ Kg7 {[%emt 0:00:01] Hoping for ...Ne2.} 36. Ne5 Ne2 {[%emt 0:00:23] ( -> ...Ra1+)} 37. Qe4 $2 {[%emt 0:00:34] [#]} (37. Qc4 $19 Ra1+ (37... Nxf4 $2 38. Ng4 $19) 38. Kh2 Qxf4+ 39. Qxf4 Nxf4 40. Nxd7) 37... Ra1+ 38. Kh2 Qxf4+ $2 (38... Nxf4 39. Qd4 d6 40. Qxa1 $11) (38... Rh1+ 39. Kxh1 Ng3+ (39... Nxf4 $2 {perishes.} 40. Qd4 $18) 40. Kg1 Nxe4) 39. Qxf4 Nxf4 40. Nxd7 Rc1 41. Ne5 (41. Ba4 {was necessary.}) 41... Re1 {[%emt 0:01:22] Black is clearly winning.} 42. Ng4 Re2 {[%emt 0:00:36] Inhibits Nf2.} 43. Kg3 g5 {[%emt 0:01:22] Weighted Error Value: White=0.41/Black=0.22 (precise) .  Loses game:     	White=1     	---        Missed win:     	---       	Black=1      Mistake:       	White=3     	---        Inaccurate:     	White=1     	Black=1      OK:         	White=12    	Black=17     Best:        	White=2     	Black=2      Strong:       	White=2     	---} ({Less strong is} 43... Rxg2+ 44. Kxf4 Rd2 45. Ke3 $15) 0-1

[Event "1000 GM Labor Day Super Swiss 2024"]
[Site "San Jose"]
[Date "2024.09.01"]
[Round "3.10"]
[White "Batchuluun, Tsegmed"]
[Black "Tang, Dylan"]
[Result "1-0"]
[Annotator "TA"]
[ECO "D36"]
[WhiteElo "2458"]
[BlackElo "2092"]
[PlyCount "41"]
[EventDate "2024.08.30"]
[EventType "swiss"]
[EventCountry "USA"]
[SourceTitle "playchess.com"]
[Source "ChessBase"]
[SourceQuality "1"]
[TimeControl "5400+30"]

1. d4 d5 2. c4 e6 3. Nc3 Nf6 4. cxd5 exd5 5. Bg5 c6 6. e3 Be7 7. Bd3 Nbd7 8. Qc2 Nf8 9. O-O-O Ne6 10. Bxf6 Bxf6 11. f4 {[%emt 0:00:01][%cal Og1f3] White is slightly better.} g6 12. Nf3 Ng7 13. h3 {[%emt 0:00:05] Prevents Bg4} Bf5 14. g4 Bxd3 15. Qxd3 Qd6 (15... Be7 $14) 16. Ne5 Qe6 17. e4 {[%emt 0:01:01] White has more active pieces.} dxe4 18. Nxe4 {[%emt 0:04:35] Hoping for d5.} O-O-O 19. Qb3 {[%emt 0:23:32] Qxe6+ would now be deadly.} Rhe8 {[%emt 0:08:25][%mdl 8192] [#]} (19... Bxe5 $14 20. dxe5 Qxb3 21. axb3 Kc7) 20. d5 $1 $18 (20. Nxf6 Qxf6 21. Qxf7 (21. Nxf7 $2 Rd5 $17) 21... Rf8 22. Qxf6 Rxf6 $17) 20... cxd5 (20... Rxd5 21. Rxd5 Be7 (21... cxd5 $2 {loses.} 22. Nxf6 Qxf6 23. Qc3+ Kd8 24. Qa5+ Qb6 25. Qxd5+ Kc8 26. Qd7+ Kb8 27. Qxe8+ Nxe8 28. Nd7+ Kc7 29. Nxb6 $18)) 21. Nxf6 {[%emt 0:00:35] Weighted Error Value: White=0.07 (flawless) /Black=0.52.  Loses game:     	---       	Black=1      Mistake:       	---       	Black=2      Inaccurate:     	White=2     	Black=1      OK:         	White=4     	Black=3      Best:        	White=2     	Black=1      Strong:       	White=1     	---} 1-0

[Event "1000 GM Labor Day Super Swiss 2024"]
[Site "San Jose"]
[Date "2024.09.01"]
[Round "3.11"]
[White "Yim, Sung Ho"]
[Black "Karthi, Jashith"]
[Result "1-0"]
[Annotator "TA"]
[ECO "D31"]
[WhiteElo "2291"]
[BlackElo "2066"]
[PlyCount "119"]
[EventDate "2024.08.30"]
[EventType "swiss"]
[EventCountry "USA"]
[SourceTitle "playchess.com"]
[Source "ChessBase"]
[SourceQuality "1"]
[TimeControl "5400+30"]

1. d4 d5 2. c4 e6 3. Nc3 a6 4. cxd5 exd5 5. Qb3 c5 6. Nxd5 Be6 7. e4 Ne7 8. Bg5 (8. Qxb7 Nxd5 9. Qxa8 cxd4 $16) (8. dxc5 {simplifies} Nxd5 9. exd5 Qxd5 10. Qxd5 Bxd5 11. Be3) 8... Bxd5 (8... f6 $1 $11) 9. exd5 $16 Qxd5 10. Qxd5 ({White must play} 10. Bc4 $1 $16 Qxg5 11. Bxf7+ (11. Qxb7 Nec6 $16) 11... Kd8 12. Qxb7) 10... Nxd5 $14 11. O-O-O Nc7 (11... h6 $14 12. dxc5 hxg5 13. Rxd5 Nd7) 12. Re1+ Kd7 13. Nf3 f6 $1 14. Be3 (14. Bh4 $14) 14... Nd5 $11 15. Bd2 cxd4 ({Better is} 15... Nc6 $14) 16. Bc4 $16 Nc7 17. Nxd4 Nc6 18. Nxc6 Kxc6 19. Be2 Bc5 {[%emt 0:27:55] [#]} 20. Bf3+ (20. Ba5 $142 $1) 20... Kb6 $16 21. Be3 Ne6 $1 22. Bxc5+ Nxc5 23. Re7 Rac8 24. Kb1 (24. Rxg7 $2 Ne6+ 25. Kb1 Nxg7 $19) 24... Rc7 25. Rxc7 Kxc7 26. Rc1 Kb6 $1 27. Rd1 Kc7 ({Black should play} 27... a5 $11) 28. b4 $1 $14 Ne6 29. Re1 Re8 30. Bd5 Kd6 31. Bxb7 Rb8 32. Rd1+ Ke7 33. Bxa6 Rxb4+ 34. Ka1 Nc5 35. Be2 Ne4 36. f3 Nc3 37. Re1 Kf7 (37... Kd6 $14) 38. Bd3 Ra4 {[%emt 0:00:50] [#]} (38... Rd4 $16 39. Bc2 (39. Bxh7 g6 $11) 39... Rd2) 39. Kb2 $1 $18 (39. Bxh7 $2 Rxa2#) 39... Nd5 40. Re4 (40. Bxh7 g6 $11) 40... Ra5 41. Bc4 Kg6 42. Bb3 Kf5 43. g3 Rb5 (43... h5 {is a better defense.} 44. a3 Kg5) 44. a4 $18 Rb7 45. a5 Rb5 46. a6 Nb6 47. a7 Ra5 48. Rb4 (48. Bc2 $142 {Re7+ would kill now.} Rxa7 49. Re7+ Kg5 50. Rxa7) 48... Na8 49. Rb7 Kg6 (49... Ke5 $142 50. Kc3 (50. Rxg7 Kd6 $18) 50... Kd6) 50. Bc2+ $18 Kh6 51. g4 g6 52. h4 Ra6 53. Bd3 Ra5 54. Kc3 Ra3+ 55. Kd4 Ra5 56. Be4 (56. Rf7 $142 Nb6 57. Be4 (57. Rxf6 Ra4+ 58. Kc5 Nd7+ 59. Kb5 Rxa7 $18) 57... Ra1 58. Kc5 (58. Rxf6 Ra4+ 59. Kc5 Rxa7 $18) 58... Na4+ 59. Kd6 Nb6 60. Ke6 (60. Rxf6 Rxa7 61. f4 Kg7 $11) 60... Ra6 61. Bb7 (61. Kxf6 Nc4+ $18) (61. Bc6 Na8 $18)) 56... Ra4+ $18 57. Ke3 Ra3+ 58. Kf4 Ra5 59. g5+ fxg5+ 60. hxg5+ 1-0

[Event "1000 GM Labor Day Super Swiss 2024"]
[Site "San Jose"]
[Date "2024.09.01"]
[Round "3.12"]
[White "Chinni, Rishabh"]
[Black "Widjaja, Luke"]
[Result "1-0"]
[Annotator "TA"]
[ECO "C96"]
[WhiteElo "2220"]
[BlackElo "2056"]
[PlyCount "53"]
[EventDate "2024.08.30"]
[EventType "swiss"]
[EventCountry "USA"]
[SourceTitle "playchess.com"]
[Source "ChessBase"]
[SourceQuality "1"]
[TimeControl "5400+30"]

1. e4 e5 2. Nf3 Nc6 3. Bb5 a6 4. Ba4 Nf6 5. O-O Be7 6. Re1 b5 7. Bb3 d6 8. c3 O-O 9. h3 Na5 10. Bc2 c5 11. d4 Qc7 12. b3 cxd4 13. cxd4 Nc6 14. Bb2 Nb4 15. Bd3 Nxd3 16. Qxd3 {[%emt 0:00:16][%cal Rd4e5] The position is equal.} d5 17. Nc3 exd4 ({Black should try} 17... dxe4 $11 18. Nxe4 Nxe4 19. Qxe4 Bb7 20. Qxe5 Bd6) 18. Nxd5 $14 ({Much worse is} 18. Qxd4 $6 Bc5 19. Qd2 dxe4 20. Nxe4 Nxe4 21. Rxe4 Qd6 $11) 18... Nxd5 19. exd5 {[%emt 0:00:27][%cal Od3e4] Hoping for Qe4!} Bb7 20. Nxd4 {[%emt 0:03:52] White is more active.} Bf6 $1 21. Rad1 Rad8 (21... Qc5 $11) 22. Ba3 $40 {[%emt 0:04:58][%cal Bb2a3,Ba3f8,Bf8d6][%mdl 160] White goes for the king.} Rxd5 $2 {[%emt 0:28:54] Black cannot hold the game after this.} (22... Rfe8 $16 {is a better defense.}) 23. Bxf8 $18 {[%emt 0:00:18][%cal Oe1e8] [#] And now Re8! would win.} Bxd4 $2 (23... Rxd4 24. Re8 Qc6 25. Bc5+ Qxe8 26. Bxd4 Bh4) 24. Re8 Qc6 25. Qe4 {[%emt 0:05:42] Ba3+ would kill now.} f5 26. Bd6+ Kf7 27. Qe6# {[%emt 0:00:03] Weighted Error Value: White=0.05 (flawless) /Black=0.88.  Loses game:     	---       	Black=1      Mistake:       	---       	Black=3      Inaccurate:     	White=1     	---        OK:         	White=1     	Black=3      Best:        	White=5     	Black=1      Strong:       	---       	Black=1} 1-0

[Event "1000 GM Labor Day Super Swiss 2024"]
[Site "San Jose"]
[Date "2024.09.01"]
[Round "3.13"]
[White "Gui, Suyuan"]
[Black "Guo, Andrew"]
[Result "0-1"]
[Annotator "TA"]
[ECO "B30"]
[WhiteElo "2033"]
[BlackElo "2207"]
[PlyCount "120"]
[EventDate "2024.08.30"]
[EventType "swiss"]
[EventCountry "USA"]
[SourceTitle "playchess.com"]
[Source "ChessBase"]
[SourceQuality "1"]
[TimeControl "5400+30"]

1. e4 c5 2. Nf3 Nc6 3. Bb5 Nf6 4. e5 Nd5 5. O-O Nc7 6. Be2 {[%emt 0:02:42] B30: Sicilian: 2...Nc6 3 Bb5, lines without ...g6.} g6 7. c3 Bg7 8. d4 cxd4 9. cxd4 d6 10. exd6 Qxd6 11. Be3 Bg4 $146 ({Predecessor:} 11... O-O 12. Qc1 Nd5 13. Nc3 Bg4 14. h3 Bf5 15. Rd1 Rfd8 16. Qd2 Nxe3 17. fxe3 Bh6 {0-1 Kovac,M (2139)-Horvath,T (2386) SLO-chT1 East 2014 (1)}) 12. Qa4 O-O 13. Nbd2 Nd5 14. h3 Bf5 15. Nc4 Qd8 16. Rac1 Rb8 17. Qb3 Be6 18. Ng5 (18. Rfd1 $11) 18... Bd7 ({But not} 18... Bxd4 $6 19. Rcd1 Bxe3 20. Nxe3 $11) ({Better is} 18... Nxe3 $15 19. Nxe6 Nxd4 20. Qxe3 Nxe6) 19. Nf3 Be6 20. Ng5 Bf5 (20... Bxd4 21. Rcd1 Bxe3 22. Nxe3 $11) (20... Nxe3 $5 21. Nxe6 Nxd4 22. Qxe3 Nxe6 $11) 21. Nf3 Nxe3 22. Qxe3 (22. fxe3 $15 Be6 23. Qd3) 22... Nxd4 23. Rfd1 Nxe2+ 24. Qxe2 Qe8 $1 25. Nd4 Bxd4 26. Rxd4 Be6 (26... Rd8 $15 27. Rxd8 Qxd8) 27. b3 (27. Qe3 $11) 27... Qb5 28. Rcd1 (28. Qd2 $15) 28... Rbc8 $17 29. Qe4 Rfe8 30. Ne3 Qc6 31. Qd3 Kg7 32. Qe2 Rc7 33. Nd5 Bxd5 34. Rxd5 Qf6 35. Rd7 Rec8 36. Rxc7 Rxc7 37. Qd2 Rc6 38. Re1 Rd6 39. Qc2 Rc6 40. Qd2 $1 e6 41. Rc1 Rxc1+ 42. Qxc1 Qe5 43. Qd2 h5 44. h4 b6 45. g3 Qc5 46. Qb2+ e5 47. Qd2 Qd4 48. Qc2 e4 49. Qc7 $2 (49. Qc1 $17) 49... e3 $19 50. fxe3 {[%emt 0:00:16] [#]} Qxe3+ $2 (50... Qa1+ $1 $19 51. Kg2 Qxa2+ 52. Kf3 Qxb3 53. Qxa7 Qd1+ 54. Kg2 Qe2+ 55. Kh1 Qxe3) 51. Kg2 $2 {[%emt 0:00:42][%mdl 8192] [#]} (51. Kf1 $17) 51... Qe2+ $1 $19 52. Kh3 Qxa2 53. Qc3+ Kg8 ({Much less strong is} 53... Kh7 54. Qc4 Qf2 55. b4 $19) 54. Qe3 Qb2 55. Qe8+ Kg7 56. Qa4 (56. Qe3 $142) 56... a5 $19 57. Qb5 Qf2 58. Qa4 Kh7 (58... Qg1 $142 59. Qe4 Qd1) 59. Qa1 Qe2 (59... Qf3 $142 60. Kh2 Qxb3) 60. Qf6 Qe6+ 0-1